 Dungeon Crawl Stone Soup version 0.25.1-2-g60ff931df9 (webtiles) character file.

Game seed: 15585433149273906672

623 gruber the Slasher (level 7, -1/41 HPs)
             Began as an Octopode Conjurer on Sept 14, 2020.
             Killed from afar by an orc wizard (6 damage)
             ... with a magic dart
             ... on level 5 of the Dungeon.
             The game lasted 00:05:06 (5012 turns).

gruber the Slasher (Octopode Conjurer)              Turns: 5012, Time: 00:05:06

Health: -1/41      AC:  1    Str:  7    XL:     7   Next: 47%
Magic:  4/19       EV: 17    Int: 20    God:
Gold:   234        SH:  3    Dex: 21    Spells: 7/10 levels left

rFire    . . .     SeeInvis .   f - +8 falchion "Exto" {vorpal, +Blink MP+9 Dex+3}
rCold    . . .     Gourm    .   d - -1 buckler
rNeg     . . .     Faith    .   (helmet restricted)
rPois    .         Spirit   .   (no amulet)
rElec    .         Reflect  .   h - +6 ring of dexterity
rCorr    .         Harm     .   p - ring of flight
MR       .....                  e - ring of wizardry
Stlth    ++++......             l - +4 ring of evasion
HPRegen  0.13/turn              (no ring)
MPRegen  0.16/turn              (no ring)
                                (no ring)
                                (no ring)

@: no status effects
A: almost no armour, stealthy swim, amphibious, 8 rings, constrict 8, camouflage
1, gelatinous body 1
a: Evoke Blink, Evoke Flight


You were on level 5 of the Dungeon.
You were hungry.

You visited 1 branch of the dungeon, and saw 5 of its levels.

You collected 234 gold pieces.

Inventory:

Hand Weapons
 f - the +8 falchion "Exto" (weapon) {vorpal, +Blink MP+9 Dex+3}
   (You found it on level 1 of the Dungeon)

   It inflicts extra damage upon your enemies.
   It affects your dexterity (+3).
   It affects your magic capacity (+9).
   It lets you blink.
 g - a +3 short sword of flaming
Armour
 d - a -1 buckler (worn)
Jewellery
 e - a ring of wizardry (on tentacle)
 h - a +6 ring of dexterity (left tentacle)
 l - a +4 ring of evasion (on tentacle)
 p - a ring of flight (right tentacle)
Wands
 j - a wand of iceblast (4)
Scrolls
 c - a scroll of remove curse
 i - a scroll of magic mapping
 n - a scroll of identify
 q - 2 scrolls of amnesia {unknown}
 s - a scroll of fear {unknown}
Potions
 a - 3 potions of flight
 k - a potion of brilliance {unknown}
 m - 2 potions of curing {unknown}
 o - a potion of invisibility {unknown}
 r - a potion of stabbing {unknown}
 t - a potion of lignification {unknown}
Comestibles
 b - 7 rations


   Skills:
 * Level 7.2 Long Blades
 - Level 2.0 Dodging
 - Level 2.6 Stealth
 - Level 2.0 Spellcasting
 - Level 4.8 Conjurations


You had 7 spell levels left.
You knew the following spells:

 Your Spells              Type           Power        Failure   Level  Hunger
a - Magic Dart            Conj           ###.         1%          1    #......
b - Searing Ray           Conj           ###...       2%          2    ##.....

Your spell library contained the following spells:

 Spells                   Type           Power        Failure   Level  Hunger
 Dazzling Flash           Conj/Hex       ##....       12%         3    ###....
 Fulminant Prism          Conj/Hex       ##........   36%         4    #####..
 Iskenderun's Mystic Bla  Conj/Tloc      ##......     36%         4    #####..


Dungeon Overview and Level Annotations

Branches:
Dungeon (5/15)
 Temple: D:4-7

Altars:


Innate Abilities, Weirdness & Mutations

You cannot wear most types of armour.
You are very stealthy in the water. (Stealth+)
You are amphibious.
You can wear up to eight rings at the same time.
You can use your tentacles to constrict eight enemies at once.
Your skin changes colour to match your surroundings (Stealth+).
Your rubbery body absorbs attacks. (AC +1, EV +1)


Message History

You kill the orc!
The searing ray misses the orc wizard.
The orc wizard gestures wildly while chanting.
The orc wizard seems to speed up.
The searing ray hits the orc wizard.
The orc wizard is moderately wounded.
You finish channeling your searing ray.
Unknown command.
Unknown command.
The orc wizard barely misses you. The orc wizard casts a spell at you.
The puff of flame hits you!
The orc wizard gestures at you while chanting.
The puff of flame hits you! The orc wizard casts a spell at you.
The puff of frost hits you!
* * * LOW HITPOINT WARNING * * *
The orc wizard casts a spell at you. The magic dart hits you.
You die...

#..## #(.......#
..o########........# ...
.........#.##### ...
>......)g......# .##
#######....###.. .
####g#......
...######....#######
..........##############
...........g.o..@.......
......####.###.......<..
#.### #.....#########
#.#########.#....####
#.#.........####....##
.<..######### ####..#####
...#################.....#
........................##
....#####################


You could see an orc wizard (fast) and a gnoll.

Vanquished Creatures
  A crimson imp (D:5)
  2 bullfrog skeletons
  2 hounds (D:5)
  A gnoll shaman (D:4)
  An iguana (D:4)
  3 orc wizards
  Ijyb (D:4)
  Jessica (D:3)
  A worker ant (D:5)
  A howler monkey zombie (D:5)
  7 gnolls
  6 adders
  An ooze (D:1)
  2 worms
  A dart slug (D:2)
  3 leopard geckos
  12 orcs
  8 giant cockroaches
  12 goblins
  4 hobgoblins
  7 jackals
  5 kobolds
  2 quokkas
  A ball python (D:1)
  11 bats
  3 frilled lizards (D:3)
  A jackal zombie (D:5)
  A leopard gecko skeleton (D:4)
  A leopard gecko zombie (D:5)
  9 rats
111 creatures vanquished.

Notes
Turn   | Place    | Note
-------+----------+-------------------------------------------
     0 | D:1      | gruber the Octopode Conjurer began the quest for the Orb.
     0 | D:1      | Reached XP level 1. HP: 11/11 MP: 3/3
   354 | D:1      | Reached XP level 2. HP: 17/17 MP: 5/5
  1150 | D:1      | Got a warped falchion
  1151 | D:1      | Identified the +8 falchion "Exto" {vorpal, +Blink MP+9
                  | Dex+3} (You found it on level 1 of the Dungeon)
  1302 | D:2      | Reached XP level 3. HP: 16/21 MP: 6/6
  1458 | D:2      | Reached skill level 1 in Long Blades
  1918 | D:2      | Reached skill level 2 in Long Blades
  2008 | D:2      | Reached XP level 4. HP: 27/27 MP: 7/7
  2349 | D:3      | Reached skill level 3 in Long Blades
  2530 | D:3      | Reached XP level 5. HP: 17/31 MP: 8/8
  2966 | D:3      | Reached skill level 4 in Long Blades
  3204 | D:3      | Noticed Jessica
  3208 | D:3      | Killed Jessica
  3618 | D:3      | Reached XP level 6. HP: 16/36 MP: 9/9
  3845 | D:3      | Learned a level 2 spell: Searing Ray
  3846 | D:3      | Reached skill level 5 in Long Blades
  4383 | D:4      | Reached skill level 6 in Long Blades
  4617 | D:4      | Reached XP level 7. HP: 41/41 MP: 10/10
  4706 | D:4      | Noticed Ijyb
  4713 | D:4      | Killed Ijyb
  4865 | D:5      | Entered Level 5 of the Dungeon
  4973 | D:5      | Reached skill level 7 in Long Blades
  5012 | D:5      | Killed from afar by an orc wizard

Illustrated notes

Levels and vault maps discovered:
D:1:      scummos_arrival_gate, layout_loops_ring, minivault_5
D:2:      cheibrodos_greedy_goblins, layout_loops_ring
D:3:      layout_loops_corners, serial_aquarium, aquarium_bridge_straight
          [aquarium_subvault_bridge, aquarium_subvault_window,
          aquarium_subvault_bridge, aquarium_subvault_window],
          aquarium_window_corridor_3, aquarium_window_corner, aquarium_window_2,
          aquarium_view_2a, aquarium_view_2e, aquarium_pool_2,
          dk_noncrumbling_4, uniq_jessica
D:4:      layout_loops_cross, uniq_ijyb
D:5:      layout_rooms, grunt_dithmenos_smoke, first_ration, minmay_manual_moon

Skill      XL: |  1  2  3  4  5  6  7 |
---------------+----------------------+-----
Long Blades    | 2 3 4 6 7 |  7.2
Dodging        | |  2.0
Stealth        | |  2.6
Spellcasting   | |  2.0
Conjurations   | |  4.8

Action                   |  1- 3 |  4- 6 |  7- 9 || total
-------------------------+-------+-------+-------++-------
Melee: Unarmed           |    49 |       |       ||    49
       Constrict         |    20 |    15 |     3 ||    38
       Tentacles         |     8 |    11 |     2 ||    21
       Falchion          |    24 |    59 |     4 ||    87
 Cast: Magic Dart        |     9 |     1 |       ||    10
       Searing Ray       |       |    11 |     9 ||    20
  Use: Scroll            |       |     7 |       ||     7
 Stab: Sleeping          |    12 |    13 |       ||    25
  Eat: Chunk             |     3 |     9 |     1 ||    13
Armor: Skin              |     4 |     2 |       ||     6
Dodge: Dodged            |    53 |    14 |    13 ||    80
Block: Buckler           |       |     5 |     2 ||     7
       Rpst.: Falchion   |     4 |     3 |     5 ||    12
